 Dungeon Crawl Stone Soup version 0.31-a0-408-gb642c7f9a3 (webtiles) character file.

Game seed: 17161394298903079092

65 Ofeo the Shooter (level 4, -1/27 HPs)
             Began as a Kobold Wanderer on July 30, 2023.
             Was a Follower of Wu Jian.
             Slain by an orc priest
             ... wielding a +0 dagger
              (3 damage)
             ... on level 2 of the Dungeon.
             The game lasted 00:02:47 (3116 turns).

Ofeo the Shooter (Kobold Wanderer)                  Turns: 3116, Time: 00:02:47

Health: -1/27      AC:  3    Str:  7    XL:     4   Next: 34%
Magic:  2/6        EV: 13    Int: 14    God:    Wu Jian [*.....]
Gold:   208        SH:  0    Dex: 17    Spells: 5/6 levels left

rFire   . . .        a - +0 shortbow
rCold   . . .        (shield currently unavailable)
rNeg    . . .        e - +0 robe
rPois   .            (no helmet)
rElec   .            h - +0 cloak
rCorr   .            (no gloves)
SInv    .            (no boots)
Will    .....        (no amulet)
Stlth   +++          (no ring)
HPRegen 0.24/turn    (no ring)
MPRegen 0.10/turn

%: no passive effects
@: no status effects
A: small, no large weapons, nightstalker 3
a: Renounce Religion


You were on level 2 of the Dungeon.
You worshipped Wu Jian.
Wu Jian was aware of your devotion.
You visited 1 branch of the dungeon, and saw 3 of its levels.

You collected 208 gold pieces.

Inventory:

Hand Weapons
 a - a +0 shortbow (weapon)
 c - a +0 dagger
Missiles
 b - 9 boomerangs
Armour
 e - a +0 robe (worn)
 h - a +0 cloak (worn)
Scrolls
 i - a scroll of amnesia {unknown}
 j - a scroll of teleportation {unknown}
Potions
 d - a potion of lignification
 f - a potion of resistance {unknown}
 g - 4 potions of curing {unknown}
 k - a potion of haste {unknown}
 l - a potion of brilliance {unknown}


   Skills:
 + Level 2.7 Fighting
 - Level 4.2 Ranged Weapons
 + Level 2.9 Throwing
 + Level 1.4 Armour
 + Level 1.8 Spellcasting
 + Level 1.8 Fire Magic


You had 5 spell levels left.
You knew the following spells:

 Your Spells              Type           Power      Damage    Failure   Level
a - Foxfire               Conj/Fire      12%        2x1d4     17%         1

Your spell library contained the following spells:

 Spells                   Type           Power      Damage    Failure   Level
 Ignite Poison            Fire/Tmut/Pois 3%         N/A       50%         3
 Dazzling Flash           Conj/Hex       2%         N/A       58%         3
 Agony                    Necr           1%         N/A       100%        5
 Silence                  Hex/Air        0%         N/A       100%        5


Dungeon Overview and Level Annotations

Branches:
Dungeon (3/15)

Altars:
Wu Jian

Shops:
D:1 [


Innate Abilities, Weirdness & Mutations

You are small and have problems with some larger weapons.
You are completely attuned to the shadows.


Message History

An orc comes into view. It is wielding a +0 trident.
You take 4 damage, and have 23/27 hp.
You conjure some foxfire!
The orc priest barely misses you.
You now have 3/6 mp.
You conjure some foxfire!
The foxfire hits the orc.
The orc is heavily wounded.
The foxfire hits the orc.
The orc is severely wounded.
The orc priest calls upon Beogh to heal the orc.
The orc's wounds heal themselves!
The orc priest hits you with a +0 dagger.
The foxfire hits the orc.
The orc is moderately wounded.
You hear a shout!
You take 2 damage, and have 21/27 hp.
You now have 2/6 mp.
You conjure some foxfire!
The orc priest mumbles some strange prayers to Beogh against you.
Beogh smites you!
The orc priest calls down the wrath of Beogh upon you.
Pain shoots through your body!
* * * LOW HITPOINT WARNING * * *
You hear an angry hiss.
You take 16 damage, and have 5/27 hp.
MASSIVE DAMAGE!!
You now have 1/6 mp.
Your foxfire dissipates!
The orc attacks as you move away! The orc completely misses you.
The foxfire hits the orc.
The orc is heavily wounded.
The orc attacks as you move away! The orc completely misses you.
There is a stone staircase leading up here.
The orc hits you with a +3 mace.
* * * LOW HITPOINT WARNING * * *
The orc hits you with a +0 dagger.
* * * LOW HITPOINT WARNING * * *
The orc priest closely misses you.
You climb upwards.
There is a stone staircase leading down here.
You take 4 damage, and have 2/27 hp.
The orc priest attacks as you move away!
The orc priest hits you with a +0 dagger.
You die...

#.......# #.###....'..
#.....######## #.###..###..
###.....##.....####.##..####..
#.'......+..............#..+..
#.#...#..#......####.##.#.##..
#.#...#.................#.##..
#.#.............##..#####.#...
#.#....#....o.o.........#.#...
#.#....#.....@o...............
#.#...##........#.......#.#.##
#.'...'.....^...#<........#.#
###...###.......###########.##
#(..# #.#'###.............#.
#...# #.#.# ########....#.#.
##### #.#.# #......'....'...
###.#.###.######....#...
#<#.#......# #....###.


You could see an orc priest and 2 orcs.

Vanquished Creatures
  2 adders (D:2)
  A worm (D:2)
  2 dart slugs (D:1)
  An orc (D:3)
  3 ball pythons
  6 endoplasms
  2 giant cockroaches
  2 goblins (D:1)
  6 hobgoblins
  A kobold (D:1)
  2 quokkas
  2 bats
  3 frilled lizards
  3 rats
36 creatures vanquished.

Vanquished Creatures (others)
  65 foxfires
65 creatures vanquished.

Grand Total: 101 creatures vanquished

Notes
Turn   | Place    | Note
-------+----------+-------------------------------------------
     0 | D:1      | Ofeo the Kobold Wanderer began the quest for the Orb.
     0 | D:1      | Ofeo set off with the following items: a +0 shortbow, 9
                  | boomerangs, a +0 dagger, a potion of lignification, a +0
                  | robe; and the following spell memorised: Foxfire; and the
                  | following spells available to memorise: Ignite Poison.
     0 | D:1      | Reached XP level 1. HP: 12/12 MP: 2/2
   470 | D:1      | Found Yshrowna's Antique Armour Shop.
   519 | D:1      | Reached XP level 2. HP: 17/17 MP: 0/3
   885 | D:1      | Reached XP level 3. HP: 22/22 MP: 3/5
   985 | D:1      | Found a faded altar of an unknown god.
  1511 | D:1      | Prayed at the altar of an unknown god.
  1511 | D:1      | Became a worshipper of the Wu Jian Council
  1511 | D:1      | Reached * piety under Wu Jian
  2161 | D:2      | Reached XP level 4. HP: 27/27 MP: 4/6
  3116 | D:2      | Slain by an orc priest

Illustrated notes

Levels and vault maps discovered:
D:1:      nicolae_arrival_somewhat_less_tricky_arrival, layout_basic,
          serial_shops, shop_coins,
          dreamdust_ecumenical_altar_hidden_monk_grotto,
          minmay_misc_feat_nine_boxes
D:2:      layout_basic
D:3:      layout_rooms, corexii_corridor_pit

Action                     |  1- 3 |  4- 6 || total
---------------------------+-------+-------++-------
   Fire: Shortbow          |    53 |    14 ||    67
   Cast: Foxfire           |    25 |    14 ||    39
 Armour: Robe              |     7 |       ||     7
  Dodge: Dodged            |    18 |     9 ||    27

Table legend: (Time is in decaauts)
 A = Elapsed time spent in this place.
 B = Non-inter-level travel time spent in this place.
 C = Inter-level travel time spent in this place.
 D = Time resting spent in this place.
 E = Time spent auto-exploring this place.
 F = Levels seen in this place.
 G = Mean time per level.
                   A        B        C        D        E       F      G
               +--------+--------+--------+--------+--------+-----+--------+
         Total |   3130 |   3101 |     29 |      0 |   2854 |   3 | 1043.3 |
       Dungeon |   3130 |   3101 |     29 |      0 |   2854 |   3 | 1043.3 |
               +--------+--------+--------+--------+--------+-----+--------+

Top non-repeatable levels by time:
     D:2: 1583 daAuts
     D:1: 1535 daAuts
     D:3: 12 daAuts
